Stars vs Sharks

Created - March-12-13 at 18:09

Goals
1 2 3 T
Stars 0 1 1 2
Sharks 0 3 0 3
Shots
1 2 3 T
Stars 6 3 5 14
Sharks 6 8 14 28

1st period

No Goal

Penalties :
Rene Bourque (DAL) for Holding (Minor) at 13:47

2nd period

1. Sharks , Shane Doan 14 (Johan Franzen) at 4:55
2. Sharks , Johnny Boychuk 10 (Mark Stuart, Drew Miller) at 10:12 (PP)
3. Sharks , Drew Miller 3 (Johan Franzen, Tomas Kaberle) at 11:13
4. Stars , Brandon Dubinsky 12 (Keith Ballard, Mathieu Garon) at 17:24

Penalties :
Ryan Carter (DAL) for Hooking (Minor) at 8:42, Shane Doan (SJS) for Hooking (Minor) at 14:16, Matt Niskanen (SJS) for Holding (Minor) at 19:13

3rd period

5. Stars , Matt Martin 3 (Jay Bouwmeester, Nicklas Grossmann) at 18:42

Penalties :
Keith Ballard (DAL) for Hooking (Minor) at 2:21, Keith Ballard (DAL) for Cross-checking (Minor) at 10:41, Brandon Dubinsky (DAL) for Holding (Minor) at 15:05

Goalie Stats

Mathieu Garon (DAL), 25 saves from 28 shots - (0.893), L, 19-25-4, 60:00 minutes
Brian Elliott (SJS), 12 saves from 14 shots - (0.857), W, 35-26-10, 60:00 minutes

Players Stats for Stars

Player Name              G  A  P  +/- PIM S  H  SB GA TA FO     MP     PP MP  PK MP  
------------------------------------------------------------------------------------
Brandon Dubinsky         1  0  1   1  2   1  1  0  0  0  11/18  20:01   2:15   4:01 
Cal Clutterbuck          0  0  0   1  0   0  3  0  0  0  0/1    22:53   1:40   4:24 
Colin Wilson             0  0  0   1  0   1  0  0  0  0  0/1    15:29   1:43   0:00 
Derick Brassard          0  0  0  -2  0   0  2  0  0  0  4/15   18:01   1:43   0:00 
Jakub Kindl              0  0  0   0  0   1  0  0  0  0  0/0    12:45   3:20   0:49 
Jay Bouwmeester          0  1  1   0  0   1  0  1  0  0  0/0    21:35   0:38   3:47 
Keith Aulie              0  0  0   0  0   1  0  0  0  0  0/0     7:53   1:40   0:00 
Keith Ballard            0  1  1   0  4   0  0  1  0  0  0/0     6:11   0:00   0:00 
Marc Staal               0  0  0   0  0   1  8  0  0  0  0/0    20:05   0:38   4:50 
Matt Martin              1  0  1   1  0   2  2  0  0  0  0/0    15:09   0:00   2:03 
Mike Komisarek           0  0  0   0  0   0  5  0  0  0  0/0    14:15   0:00   5:39 
Nicklas Grossmann        0  1  1   0  0   0  2  1  0  0  0/0    20:40   0:00   3:47 
Peter Mueller            0  0  0  -2  0   2  0  0  0  0  0/2    18:54   1:43   1:10 
Raphael Diaz             0  0  0   0  0   1  0  0  0  0  0/0    16:34   1:40   0:00 
Rene Bourque             0  0  0   1  2   2  0  1  0  0  1/2    17:54   2:15   1:54 
Ryan Carter              0  0  0   1  2   0  1  0  0  0  6/17   13:05   0:00   0:00 
Steve Downie             0  0  0  -2  0   1  2  0  0  0  0/1    20:19   0:35   0:00 
Ville Leino              0  0  0   0  0   0  0  0  0  0  8/14    8:46   0:00   5:20 

Players Stats for Sharks

Player Name              G  A  P  +/- PIM S  H  SB GA TA FO     MP     PP MP  PK MP  
------------------------------------------------------------------------------------
Alex Tanguay             0  0  0   0  0   1  0  0  0  0  0/0    17:15   4:20   0:48 
Andrew Ference           0  0  0   0  0   1  0  0  0  0  0/0    21:23   4:57   2:36 
Andrew Shaw              0  0  0   0  0   1  5  0  0  0  0/2    12:07   0:00   0:00 
Drew Miller              1  1  2   1  0   3  1  0  0  0  7/14   22:08   5:06   0:00 
Ian White                0  0  0   0  0   0  0  0  0  0  0/0    17:59   0:00   0:00 
Jannik Hansen            0  0  0  -1  0   2  0  0  0  0  0/1    10:06   0:00   3:10 
Jaromir Jagr             0  0  0   0  0   0  0  0  0  0  0/0    10:31   0:00   0:00 
Johan Franzen            0  2  2   1  0   0  0  0  0  0  0/1    21:22   4:20   0:00 
Johnny Boychuk           1  0  1   0  0   4  1  0  0  0  0/0    24:30   4:29   0:57 
Kyle Wellwood            0  0  0   0  0   1  0  0  0  0  7/9    10:31   0:00   0:00 
Lauri Korpikoski         0  0  0  -1  0   2  1  0  0  0  3/7    12:50   5:06   0:48 
Mark Stuart              0  1  1   0  0   3  4  2  0  0  0/0    21:52   4:29   2:36 
Matt Niskanen            0  0  0   0  2   0  0  1  0  0  0/0    14:06   0:00   0:25 
Nik Antropov             0  0  0  -1  0   0  0  0  0  0  3/8     6:56   0:00   0:00 
Ryan Malone              0  0  0   0  0   2  1  0  0  0  2/2    10:31   0:00   0:00 
Shane Doan               1  0  1   1  2   3  3  0  0  0  2/2    22:07   5:06   0:00 
Tomas Kaberle            0  1  1   0  0   1  0  0  0  0  0/0    20:09   4:57   1:22 
Tyler Bozak              0  0  0   0  0   4  2  0  0  0  17/25  19:37   4:20   3:10 

3 Stars

1 - Drew Miller (SJS)
2 - Matt Martin (DAL)
3 - Johan Franzen (SJS)

Power Play

Stars - 0 on 2 Attempt(s) - 0.00%
Sharks - 1 on 5 Attempt(s) - 20.00%

Penalty Kill

Stars - 4 on 5 Attempt(s) - 80.00% - Score 0 goal in Penalty Kill
Sharks - 2 on 2 Attempt(s) - 100.00% - Score 0 goal in Penalty Kill

Official

Referees : Kyle Rehman and Francis Charron
Linesman : Darren Gibbs and Scott Driscoll

Game Notes

No Game Note

Finance

Level 1 -- Attendance: 6500 (100.00%) -- Ticket Income $650,000
Level 2 -- Attendance: 5000 (100.00%) -- Ticket Income $300,000
Level 3 -- Attendance: 3436 (98.17%) -- Ticket Income $120,260
Level 4 -- Attendance: 1496 (100.00%) -- Ticket Income $29,920
Luxury Box -- Attendance: 1000 (100.00%) -- Ticket Income $200,000
Game was played at the HP Pavilion center
Total Attendance: 17432 (99.63%)
Total Ticket Income: $1,300,180
Other Income: $195,027
Total Income: $1,495,207


% Time on Ice - Stars

Lines # - Real PCT - Wanted PCT - Time Play
Normal Forward
1 - 30% - 30% - 13:46
2 - 35% - 30% - 16:01
3 - 28% - 28% - 13:06
4 - 7% - 12% - 3:26
Normal Defense
1 - 36% - 40% - 16:53
2 - 32% - 37% - 14:37
3 - 19% - 18% - 8:36
4 - 13% - 5% - 6:13
PP Forward
1 - 43% - 70% - 1:43
2 - 57% - 30% - 2:15
PP Defense
1 - 84% - 65% - 3:20
2 - 16% - 35% - 0:38
PK Forward
1 - 69% - 60% - 6:33
2 - 31% - 40% - 2:53
PK Defense
1 - 40% - 70% - 3:47
2 - 60% - 30% - 5:39
PK3 Forward
1 - 0% - 60%
2 - 0% - 40%
PK3 Defense
1 - 0% - 70%
2 - 0% - 30%
44 Forward
1 - 0% - 60%
2 - 0% - 40%
44 Defense
1 - 0% - 60%
2 - 0% - 40%
Last Minute Offensive  - 0:17
Last Minute Defensive  - 0:00
Total
Forward - 60:00
Defense - 60:00

% Time on Ice - Sharks

Lines # - Real PCT - Wanted PCT - Time Play
Normal Forward
1 - 36% - 40% - 16:37
2 - 26% - 30% - 12:04
3 - 23% - 20% - 10:31
4 - 15% - 10% - 6:56
Normal Defense
1 - 38% - 40% - 17:34
2 - 30% - 30% - 13:47
3 - 30% - 20% - 13:42
4 - 2% - 10% - 1:05
PP Forward
1 - 54% - 60% - 5:06
2 - 46% - 40% - 4:20
PP Defense
1 - 48% - 60% - 4:29
2 - 52% - 40% - 4:57
PK Forward
1 - 80% - 60% - 3:10
2 - 20% - 40% - 0:48
PK Defense
1 - 34% - 60% - 1:22
2 - 66% - 40% - 2:36
PK3 Forward
1 - 0% - 60%
2 - 0% - 40%
PK3 Defense
1 - 0% - 60%
2 - 0% - 40%
44 Forward
1 - 0% - 60%
2 - 0% - 40%
44 Defense
1 - 0% - 60%
2 - 0% - 40%
Last Minute Offensive  - 0:00
Last Minute Defensive  - 0:28
Total
Forward - 60:00
Defense - 60:00

Play by Play

1st period


0:01 of 1st period - Brandon Dubinsky wins face-off versus Drew Miller in neutral zone.
0:33 of 1st period - Shot by Brandon Dubinsky.
0:33 of 1st period - Shot Misses the Net.
0:35 of 1st period - Shot by Jay Bouwmeester.
0:35 of 1st period - Stopped by Brian Elliott without a rebound.
0:36 of 1st period - Tyler Bozak wins face-off versus Derick Brassard in Sharks zone.
0:43 of 1st period - Shot by Peter Mueller.
0:43 of 1st period - Stopped by Brian Elliott without a rebound.
0:44 of 1st period - Ryan Malone wins face-off versus Ryan Carter in Sharks zone.
1:24 of 1st period - Shot by Matt Martin.
1:24 of 1st period - Stopped by Brian Elliott without a rebound.
1:25 of 1st period - Tyler Bozak wins face-off versus Derick Brassard in Sharks zone.
1:25 of 1st period - Tyler Bozak is hit by Derick Brassard.
1:48 of 1st period - Icing by Steve Downie.
1:49 of 1st period - Nik Antropov wins face-off versus Derick Brassard in Stars zone.
2:32 of 1st period - Icing by Johnny Boychuk.
2:33 of 1st period - Brandon Dubinsky wins face-off versus Nik Antropov in Sharks zone.
2:36 of 1st period - Shot by Colin Wilson.
2:36 of 1st period - Stopped by Brian Elliott without a rebound.
2:37 of 1st period - Brandon Dubinsky wins face-off versus Drew Miller in Sharks zone.
2:49 of 1st period - Off-side.
2:50 of 1st period - Tyler Bozak wins face-off versus Ryan Carter in neutral zone.
3:09 of 1st period - Raphael Diaz is hit by Andrew Shaw and loses puck.
3:23 of 1st period - Matt Martin is hit by Mark Stuart and loses puck.
4:57 of 1st period - Shot by Steve Downie.
4:57 of 1st period - Shot Misses the Net.
5:03 of 1st period - Shot by Steve Downie.
5:03 of 1st period - Stopped by Brian Elliott without a rebound.
5:04 of 1st period - Kyle Wellwood wins face-off versus Ryan Carter in Sharks zone.
5:04 of 1st period - Kyle Wellwood is hit by Matt Martin.
5:24 of 1st period - Jaromir Jagr is hit by Marc Staal and loses puck.
5:56 of 1st period - Ian White is hit by Brandon Dubinsky and loses puck.
6:05 of 1st period - Icing by Nicklas Grossmann.
6:06 of 1st period - Brandon Dubinsky wins face-off versus Nik Antropov in Stars zone.
6:29 of 1st period - Shot by Jannik Hansen.
6:29 of 1st period - Shot Misses the Net.
6:33 of 1st period - Shot by Nik Antropov.
6:33 of 1st period - Deflect By Jannik Hansen.
6:33 of 1st period - Stopped by Mathieu Garon without a rebound.
6:34 of 1st period - Derick Brassard wins face-off versus Drew Miller in Stars zone.
7:23 of 1st period - Off-side.
7:24 of 1st period - Ryan Carter wins face-off versus Tyler Bozak in neutral zone.
7:34 of 1st period - Icing by Johnny Boychuk.
7:35 of 1st period - Brandon Dubinsky wins face-off versus Andrew Shaw in Sharks zone.
8:02 of 1st period - Shot by Tyler Bozak.
8:02 of 1st period - Stopped by Mathieu Garon without a rebound.
8:03 of 1st period - Ville Leino wins face-off versus Kyle Wellwood in Stars zone.
8:03 of 1st period - Ville Leino is hit by Ryan Malone.
8:23 of 1st period - Shot by Kyle Wellwood.
8:23 of 1st period - Stopped by Mathieu Garon without a rebound.
8:24 of 1st period - Shane Doan wins face-off versus Brandon Dubinsky in Stars zone.
9:05 of 1st period - Shot by Shane Doan.
9:05 of 1st period - Stopped by Mathieu Garon without a rebound.
9:06 of 1st period - Tyler Bozak wins face-off versus Ville Leino in Stars zone.
9:22 of 1st period - Andrew Ference is hit by Cal Clutterbuck and loses puck.
10:15 of 1st period - Marc Staal is hit by Andrew Shaw.
10:29 of 1st period - Tomas Kaberle is hit by Marc Staal and loses puck.
10:55 of 1st period - Ian White is hit by Mike Komisarek and loses puck.
11:38 of 1st period - Shot by Peter Mueller.
11:38 of 1st period - Shot Misses the Net.
11:49 of 1st period - Icing by Johnny Boychuk.
11:50 of 1st period - Brandon Dubinsky wins face-off versus Drew Miller in Sharks zone.
11:57 of 1st period - Shot by Rene Bourque.
11:57 of 1st period - Stopped by Brian Elliott without a rebound.
11:58 of 1st period - Ryan Malone wins face-off versus Derick Brassard in Sharks zone.
11:58 of 1st period - Ryan Malone is hit by Steve Downie.
13:10 of 1st period - Shot by Jannik Hansen.
13:10 of 1st period - Stopped by Mathieu Garon without a rebound.
13:11 of 1st period - Tyler Bozak wins face-off versus Colin Wilson in Stars zone.
13:11 of 1st period - Alex Tanguay is hit by Nicklas Grossmann and loses puck.
13:47 of 1st period - Minor Penalty to Rene Bourque for Holding.
13:48 of 1st period - Lauri Korpikoski wins face-off versus Ville Leino in Stars zone.
13:48 of 1st period - Lauri Korpikoski is hit by Mike Komisarek.
13:52 of 1st period - Shot by Tomas Kaberle.
13:52 of 1st period - Shot Misses the Net.
13:56 of 1st period - Shot by Lauri Korpikoski.
13:56 of 1st period - Shot Misses the Net.
14:07 of 1st period - Shane Doan is hit by Mike Komisarek and loses puck.
15:07 of 1st period - Tyler Bozak is hit by Mike Komisarek and loses puck.
16:05 of 1st period - Shot by Peter Mueller.
16:05 of 1st period - Shot Misses the Net.
16:50 of 1st period - Icing by Johnny Boychuk.
16:51 of 1st period - Tyler Bozak wins face-off versus Ryan Carter in Sharks zone.
16:58 of 1st period - Shot by Andrew Shaw.
16:58 of 1st period - Deflect By Tyler Bozak.
16:58 of 1st period - Stopped by Mathieu Garon without a rebound.
16:59 of 1st period - Brandon Dubinsky wins face-off versus Nik Antropov in Stars zone.
17:39 of 1st period - Icing by Lauri Korpikoski.
17:40 of 1st period - Nik Antropov wins face-off versus Ryan Carter in Sharks zone.
17:40 of 1st period - Nik Antropov is hit by Ryan Carter.
17:47 of 1st period - Tomas Kaberle is hit by Marc Staal.
18:02 of 1st period - Tomas Kaberle is hit by Cal Clutterbuck and loses puck.
18:32 of 1st period - Raphael Diaz is hit by Johnny Boychuk and loses puck.
19:57 of 1st period - Icing by Mark Stuart.
19:58 of 1st period - Derick Brassard wins face-off versus Tyler Bozak in Sharks zone.

2nd period


0:01 of 2nd period - Shane Doan wins face-off versus Ville Leino in neutral zone.
0:51 of 2nd period - Icing by Ian White.
0:52 of 2nd period - Drew Miller wins face-off versus Brandon Dubinsky in Sharks zone.
1:14 of 2nd period - Mike Komisarek is hit by Andrew Shaw and loses puck.
1:22 of 2nd period - Icing by Mike Komisarek.
1:23 of 2nd period - Kyle Wellwood wins face-off versus Brandon Dubinsky in Stars zone.
1:36 of 2nd period - Shot by Jaromir Jagr.
1:36 of 2nd period - Shot Misses the Net.
1:53 of 2nd period - Off-side.
1:54 of 2nd period - Tyler Bozak wins face-off versus Derick Brassard in neutral zone.
2:44 of 2nd period - Icing by Andrew Ference.
2:45 of 2nd period - Tyler Bozak wins face-off versus Ryan Carter in Sharks zone.
3:18 of 2nd period - Shot by Shane Doan.
3:18 of 2nd period - Stopped by Mathieu Garon without a rebound.
3:19 of 2nd period - Kyle Wellwood wins face-off versus Brandon Dubinsky in Stars zone.
4:30 of 2nd period - Shane Doan is hit by Nicklas Grossmann and loses puck.
4:44 of 2nd period - Derick Brassard is hit by Mark Stuart and loses puck.
4:55 of 2nd period - Shot by Shane Doan.
4:55 of 2nd period - Goal by Shane Doan - Stars : 0 - Sharks : 1.
4:56 of 2nd period - Ryan Carter wins face-off versus Andrew Shaw in neutral zone.
5:08 of 2nd period - Raphael Diaz is hit by Andrew Shaw and loses puck.
5:18 of 2nd period - Andrew Ference is hit by Marc Staal.
5:26 of 2nd period - Shot by Alex Tanguay.
5:26 of 2nd period - Stopped by Mathieu Garon without a rebound.
5:27 of 2nd period - Brandon Dubinsky wins face-off versus Nik Antropov in Stars zone.
5:42 of 2nd period - Shot by Rene Bourque.
5:42 of 2nd period - Shot Misses the Net.
6:02 of 2nd period - Shot by Colin Wilson.
6:02 of 2nd period - Shot Misses the Net.
6:04 of 2nd period - Shot by Brandon Dubinsky.
6:04 of 2nd period - Shot Misses the Net.
6:27 of 2nd period - Shot by Derick Brassard.
6:27 of 2nd period - Deflect By Peter Mueller.
6:27 of 2nd period - Shot Misses the Net.
6:29 of 2nd period - Shot by Derick Brassard.
6:29 of 2nd period - Deflect By Peter Mueller.
6:29 of 2nd period - Shot Misses the Net.
6:31 of 2nd period - Shot by Peter Mueller.
6:31 of 2nd period - Stopped by Brian Elliott without a rebound.
6:32 of 2nd period - Drew Miller wins face-off versus Ryan Carter in Sharks zone.
6:44 of 2nd period - Shot by Drew Miller.
6:44 of 2nd period - Stopped by Mathieu Garon with a rebound.
7:05 of 2nd period - Icing by Johnny Boychuk.
7:06 of 2nd period - Derick Brassard wins face-off versus Drew Miller in Sharks zone.
8:03 of 2nd period - Jakub Kindl is hit by Tyler Bozak.
8:28 of 2nd period - Brandon Dubinsky is hit by Mark Stuart and loses puck.
8:42 of 2nd period - Minor Penalty to Ryan Carter for Hooking.
8:43 of 2nd period - Ville Leino wins face-off versus Lauri Korpikoski in Stars zone.
8:43 of 2nd period - Ville Leino is hit by Shane Doan.
9:03 of 2nd period - Shot by Johnny Boychuk.
9:03 of 2nd period - Stopped by Mathieu Garon without a rebound.
9:04 of 2nd period - Ville Leino wins face-off versus Tyler Bozak in Stars zone.
9:15 of 2nd period - Tomas Kaberle is hit by Cal Clutterbuck and loses puck.
10:08 of 2nd period - Shot by Drew Miller.
10:08 of 2nd period - Stopped by Mathieu Garon with a rebound.
10:10 of 2nd period - Shot by Mark Stuart.
10:10 of 2nd period - Shot Misses the Net.
10:12 of 2nd period - Shot by Johnny Boychuk.
10:12 of 2nd period - Goal by Johnny Boychuk - Stars : 0 - Sharks : 2.
10:13 of 2nd period - Kyle Wellwood wins face-off versus Derick Brassard in neutral zone.
10:23 of 2nd period - Icing by Keith Ballard.
10:24 of 2nd period - Kyle Wellwood wins face-off versus Derick Brassard in Stars zone.
10:51 of 2nd period - Shot by Kyle Wellwood.
10:51 of 2nd period - Deflect By Ryan Malone.
10:51 of 2nd period - Shot Misses the Net.
10:59 of 2nd period - Shot by Jaromir Jagr.
10:59 of 2nd period - Shot Blocked by Keith Ballard.
11:13 of 2nd period - Shot by Johan Franzen.
11:13 of 2nd period - Deflect By Drew Miller.
11:13 of 2nd period - Goal by Drew Miller - Stars : 0 - Sharks : 3.
11:14 of 2nd period - Ryan Carter wins face-off versus Drew Miller in neutral zone.
11:17 of 2nd period - Drew Miller is hit by Matt Martin and loses puck.
12:13 of 2nd period - Icing by Nicklas Grossmann.
12:14 of 2nd period - Tyler Bozak wins face-off versus Ryan Carter in Stars zone.
12:18 of 2nd period - Icing by Nicklas Grossmann.
12:19 of 2nd period - Ryan Carter wins face-off versus Tyler Bozak in Stars zone.
12:47 of 2nd period - Marc Staal is hit by Andrew Shaw.
12:55 of 2nd period - Matt Niskanen is hit by Derick Brassard and loses puck.
13:12 of 2nd period - Icing by Marc Staal.
13:13 of 2nd period - Drew Miller wins face-off versus Steve Downie in Stars zone.
14:16 of 2nd period - Minor Penalty to Shane Doan for Hooking.
14:17 of 2nd period - Tyler Bozak wins face-off versus Cal Clutterbuck in Sharks zone.
14:28 of 2nd period - Shot by Jakub Kindl.
14:28 of 2nd period - Shot Blocked by Mark Stuart.
14:30 of 2nd period - Shot by Keith Aulie.
14:30 of 2nd period - Stopped by Brian Elliott without a rebound.
14:31 of 2nd period - Brandon Dubinsky wins face-off versus Tyler Bozak in Sharks zone.
14:31 of 2nd period - Jakub Kindl is hit by Mark Stuart.
15:00 of 2nd period - Shot by Jakub Kindl.
15:00 of 2nd period - Shot Misses the Net.
15:35 of 2nd period - Jay Bouwmeester is hit by Lauri Korpikoski.
16:11 of 2nd period - Shot by Tyler Bozak.
16:11 of 2nd period - Shot Misses the Net.
16:33 of 2nd period - Icing by Jay Bouwmeester.
16:34 of 2nd period - Kyle Wellwood wins face-off versus Ryan Carter in Stars zone.
16:54 of 2nd period - Shot by Ryan Malone.
16:54 of 2nd period - Shot Misses the Net.
17:24 of 2nd period - Shot by Brandon Dubinsky.
17:24 of 2nd period - The goal is going for a video replay.
17:24 of 2nd period - The goal is good.
17:24 of 2nd period - Goal by Brandon Dubinsky - Stars : 1 - Sharks : 3.
17:25 of 2nd period - Derick Brassard wins face-off versus Johan Franzen in neutral zone.
18:18 of 2nd period - Ian White is hit by Steve Downie and loses puck.
19:13 of 2nd period - Minor Penalty to Matt Niskanen for Holding.
19:14 of 2nd period - Rene Bourque wins face-off versus Tyler Bozak in Sharks zone.

3rd period


0:01 of 3rd period - Tyler Bozak wins face-off versus Derick Brassard in neutral zone.
0:18 of 3rd period - Shot by Jakub Kindl.
0:18 of 3rd period - Stopped by Brian Elliott without a rebound.
0:19 of 3rd period - Brandon Dubinsky wins face-off versus Jannik Hansen in Sharks zone.
0:20 of 3rd period - Shot by Jay Bouwmeester.
0:20 of 3rd period - Shot Misses the Net.
0:22 of 3rd period - Shot by Marc Staal.
0:22 of 3rd period - Stopped by Brian Elliott without a rebound.
0:23 of 3rd period - Tyler Bozak wins face-off versus Derick Brassard in Sharks zone.
1:50 of 3rd period - Shot by Johnny Boychuk.
1:50 of 3rd period - Shot Blocked by Nicklas Grossmann.
1:52 of 3rd period - Shot by Johnny Boychuk.
1:52 of 3rd period - Shot Misses the Net.
2:21 of 3rd period - Minor Penalty to Keith Ballard for Hooking.
2:22 of 3rd period - Tyler Bozak wins face-off versus Brandon Dubinsky in Stars zone.
2:22 of 3rd period - Tyler Bozak is hit by Mike Komisarek.
2:44 of 3rd period - Shot by Johnny Boychuk.
2:44 of 3rd period - Stopped by Mathieu Garon without a rebound.
2:45 of 3rd period - Ville Leino wins face-off versus Lauri Korpikoski in Stars zone.
2:45 of 3rd period - Ville Leino is hit by Shane Doan.
3:03 of 3rd period - Shot by Andrew Ference.
3:03 of 3rd period - Shot Misses the Net.
4:28 of 3rd period - Shot by Ryan Malone.
4:28 of 3rd period - Stopped by Mathieu Garon with a rebound.
4:31 of 3rd period - Icing by Keith Aulie.
4:32 of 3rd period - Kyle Wellwood wins face-off versus Derick Brassard in Stars zone.
5:23 of 3rd period - Shot by Andrew Shaw.
5:23 of 3rd period - Stopped by Mathieu Garon without a rebound.
5:24 of 3rd period - Drew Miller wins face-off versus Ryan Carter in Stars zone.
6:10 of 3rd period - Icing by Nicklas Grossmann.
6:11 of 3rd period - Ryan Carter wins face-off versus Tyler Bozak in Stars zone.
6:49 of 3rd period - Andrew Ference is hit by Marc Staal.
6:52 of 3rd period - Andrew Shaw is hit by Marc Staal and loses puck.
8:50 of 3rd period - Icing by Ian White.
8:51 of 3rd period - Drew Miller wins face-off versus Rene Bourque in Sharks zone.
9:44 of 3rd period - Shot by Alex Tanguay.
9:44 of 3rd period - Deflect By Andrew Shaw.
9:44 of 3rd period - Shot Misses the Net.
10:12 of 3rd period - Lauri Korpikoski is hit by Marc Staal and loses puck.
10:21 of 3rd period - Shot by Nik Antropov.
10:21 of 3rd period - Shot Misses the Net.
10:23 of 3rd period - Shot by Lauri Korpikoski.
10:23 of 3rd period - Stopped by Mathieu Garon without a rebound.
10:24 of 3rd period - Ville Leino wins face-off versus Kyle Wellwood in Stars zone.
10:41 of 3rd period - Minor Penalty to Keith Ballard for Cross-checking.
10:42 of 3rd period - Ville Leino wins face-off versus Lauri Korpikoski in Stars zone.
10:42 of 3rd period - Ville Leino is hit by Drew Miller.
10:58 of 3rd period - Nicklas Grossmann is hit by Shane Doan and loses puck.
11:38 of 3rd period - Shot by Mark Stuart.
11:38 of 3rd period - Stopped by Mathieu Garon with a rebound.
11:40 of 3rd period - Shot by Mark Stuart.
11:40 of 3rd period - Stopped by Mathieu Garon without a rebound.
11:41 of 3rd period - Tyler Bozak wins face-off versus Brandon Dubinsky in Stars zone.
11:50 of 3rd period - Shot by Johnny Boychuk.
11:50 of 3rd period - Shot Misses the Net.
12:39 of 3rd period - Shot by Shane Doan.
12:39 of 3rd period - Shot Blocked by Jay Bouwmeester.
12:57 of 3rd period - Shot by Kyle Wellwood.
12:57 of 3rd period - Shot Misses the Net.
13:05 of 3rd period - Shot by Ryan Malone.
13:05 of 3rd period - Stopped by Mathieu Garon without a rebound.
13:06 of 3rd period - Ryan Carter wins face-off versus Nik Antropov in Stars zone.
13:57 of 3rd period - Icing by Matt Martin.
13:58 of 3rd period - Drew Miller wins face-off versus Ryan Carter in Stars zone.
14:15 of 3rd period - Shot by Shane Doan.
14:15 of 3rd period - Deflect By Johan Franzen.
14:15 of 3rd period - Shot Misses the Net.
15:05 of 3rd period - Minor Penalty to Brandon Dubinsky for Holding.
15:06 of 3rd period - Ville Leino wins face-off versus Tyler Bozak in Stars zone.
15:06 of 3rd period - Ville Leino is hit by Tyler Bozak.
15:16 of 3rd period - Shot by Alex Tanguay.
15:16 of 3rd period - Deflect By Tyler Bozak.
15:16 of 3rd period - Stopped by Mathieu Garon without a rebound.
15:17 of 3rd period - Ville Leino wins face-off versus Lauri Korpikoski in Stars zone.
15:31 of 3rd period - Shot by Lauri Korpikoski.
15:31 of 3rd period - Stopped by Mathieu Garon without a rebound.
15:32 of 3rd period - Tyler Bozak wins face-off versus Ville Leino in Stars zone.
15:39 of 3rd period - Shot by Johnny Boychuk.
15:39 of 3rd period - Shot Misses the Net.
15:41 of 3rd period - Shot by Mark Stuart.
15:41 of 3rd period - Stopped by Mathieu Garon without a rebound.
15:42 of 3rd period - Lauri Korpikoski wins face-off versus Ville Leino in Stars zone.
16:01 of 3rd period - Shot by Lauri Korpikoski.
16:01 of 3rd period - Shot Misses the Net.
16:15 of 3rd period - Shot by Johnny Boychuk.
16:15 of 3rd period - Stopped by Mathieu Garon without a rebound.
16:16 of 3rd period - Tyler Bozak wins face-off versus Peter Mueller in Stars zone.
16:17 of 3rd period - Shot by Tomas Kaberle.
16:17 of 3rd period - Shot Misses the Net.
16:19 of 3rd period - Shot by Tomas Kaberle.
16:19 of 3rd period - Stopped by Mathieu Garon without a rebound.
16:20 of 3rd period - Tyler Bozak wins face-off versus Peter Mueller in Stars zone.
16:20 of 3rd period - Tyler Bozak is hit by Marc Staal.
16:34 of 3rd period - Shot by Andrew Ference.
16:34 of 3rd period - Stopped by Mathieu Garon with a rebound.
17:00 of 3rd period - Shot by Tyler Bozak.
17:00 of 3rd period - Stopped by Mathieu Garon without a rebound.
17:01 of 3rd period - Lauri Korpikoski wins face-off versus Ville Leino in Stars zone.
17:17 of 3rd period - Shot by Rene Bourque.
17:17 of 3rd period - Stopped by Brian Elliott without a rebound.
17:18 of 3rd period - Nik Antropov wins face-off versus Derick Brassard in Sharks zone.
17:37 of 3rd period - Shot by Steve Downie.
17:37 of 3rd period - Shot Misses the Net.
17:39 of 3rd period - Shot by Raphael Diaz.
17:39 of 3rd period - Shot Blocked by Matt Niskanen.
17:41 of 3rd period - Shot by Steve Downie.
17:41 of 3rd period - Shot Misses the Net.
17:43 of 3rd period - Shot by Raphael Diaz.
17:43 of 3rd period - Stopped by Brian Elliott with a rebound.
18:38 of 3rd period - Shot by Nicklas Grossmann.
18:38 of 3rd period - Shot Blocked by Mark Stuart.
18:40 of 3rd period - Shot by Jay Bouwmeester.
18:40 of 3rd period - Shot Misses the Net.
18:42 of 3rd period - Shot by Matt Martin.
18:42 of 3rd period - Goal by Matt Martin - Stars : 2 - Sharks : 3.
18:43 of 3rd period - Drew Miller wins face-off versus Brandon Dubinsky in neutral zone.
19:04 of 3rd period - Shot by Shane Doan.
19:04 of 3rd period - Shot Misses the Net.
19:06 of 3rd period - Shot by Johnny Boychuk.
19:06 of 3rd period - Shot Blocked by Rene Bourque.
19:34 of 3rd period - Icing by Mike Komisarek.
19:35 of 3rd period - Brandon Dubinsky wins face-off versus Drew Miller in Stars zone.


Output by the SimonT Hockey Simulator (STHS) for Stephane Roy -- Original Page W3C XHTML 1.0 Valid
Hockey Simulator - Hockey Simulation - Hockey Manager